Map: Whispers of Gold

Players

Moja - Winner!

  • Race: Terran Terran
  • League: Grandmaster
  • Spawn Location: 5:00

llllllllllll (LunaSea)

  • Race: Protoss Protoss
  • League: Grandmaster
  • Spawn Location: 9:00

VOD

Have the link to the VOD?

Description

Time

  • Played on: April 9, 2025, 5:19 p.m.
  • Length: 9:17
Show
View Real Time Build Order
Export as new Build Order

Moja Terran - Winner!

Build Orders: Gas First Reaper Expand 

Get SALT Encoding   

  12  0:00  SCV  
  13  0:12  SCV  
  14  0:17  Supply Depot  
  14  0:25  SCV  
  15  0:29  Refinery  
  15  0:39  SCV  
  16  0:45  Barracks  
  16  0:51  SCV  
  17  1:03  SCV  
  18  1:15  SCV  
  19  1:32  Orbital Command, Reaper  
  20  1:45  Command Center  
  20  1:55  Factory  
  20  1:58  SCV  
  21  2:06  Supply Depot  
  21  2:09  Reaper  
  21  2:12  SCV  
  23  2:16  Refinery  
  23  2:28  SCV  
  24  2:39  Hellion  
  24  2:40  SCV  
  24  2:42  Starport  
  27  2:51  Barracks Reactor  
  27  2:52  SCV  
  27  2:56  Orbital Command  
  28  3:00  Widow Mine  
  28  3:05  SCV  
  31  3:15  Orbital Command  
  31  3:19  SCV, Medivac  
  34  3:22  Widow Mine  
  34  3:25  Supply Depot  
  36  3:37  SCV  
  35  3:42  Marine x2  
  35  3:43  Factory Tech Lab  
  35  3:47  SCV  
  38  3:49  SCV  
  37  3:55  Starport Tech Lab  
  37  3:58  Supply Depot  
  37  3:59  Marine  
  37  4:00  Marine  
  37  4:01  SCV  
  37  4:02  SCV  
  41  4:05  Siege Tank  
  41  4:09  Bunker  
  44  4:14  SCV x2  
  46  4:20  Raven  
  48  4:26  SCV x2  
  48  4:38  SCV x2  
  48  4:40  Marine  
  48  4:41  Marine  
  48  4:42  Siege Tank  
  55  4:50  Supply Depot, SCV x2  
  57  4:57  Command Center  
  57  5:00  Marine x2  
  57  5:02  SCV  
  57  5:03  SCV  
  61  5:08  Supply Depot  
  61  5:11  Viking  
  63  5:16  SCV x2  
  65  5:23  Engineering Bay  
  65  5:25  Barracks  
  65  5:28  SCV x2  
  67  5:34  Stimpack  
  67  5:35  Marauder  
  69  5:39  Refinery  
  69  5:40  Supply Depot, SCV x2  
  68  5:52  SCV x2  
  70  5:58  Barracks  
  70  6:01  Terran Infantry Weapons Level 1  
  70  6:04  SCV x2  
  70  6:05  Factory Reactor  
  70  6:07  Starport Reactor  
  70  6:08  Refinery  
  70  6:09  Orbital Command  
  72  6:12  Marine x2, Marauder  
  72  6:16  SCV x2  
  78  6:22  Supply Depot  
  78  6:28  SCV  
  78  6:29  SCV  
  78  6:31  Marine x2  
  82  6:33  Barracks  
  82  6:36  Barracks  
  82  6:38  SCV  
  83  6:41  SCV x2  
  83  6:45  Marauder, Medivac x2  
  89  6:47  Marauder  
  89  6:49  Combat Shield  
  89  6:50  SCV  
  92  6:54  Marine x2  
  92  6:55  SCV, Missile Turret  
  92  6:56  SCV  
  92  6:58  Supply Depot  
  92  6:59  Supply Depot  
  96  7:03  SCV  
  96  7:05  Widow Mine  
  96  7:06  Widow Mine  
  96  7:08  SCV  
  102  7:09  Marauder x2  
  102  7:12  Marine  
  102  7:14  SCV  
  102  7:15  SCV  
  109  7:19  Missile Turret  
  108  7:23  Missile Turret  
  108  7:26  Marine  
  108  7:29  Medivac x2  
  109  7:30  Marauder, Widow Mine  
  109  7:31  SCV  
  109  7:36  Marauder  
  109  7:37  Barracks Tech Lab  
  108  7:51  Marine  
  108  7:52  Marauder  
  108  7:54  Marine  
  108  7:57  Marine, Marauder  
  108  7:58  Orbital Command, Marauder  
  115  8:00  Concussive Shells  
  115  8:07  SCV x2  
  117  8:19  SCV x2, Marine  
  119  8:20  Marauder  
  119  8:21  Barracks Reactor  
  119  8:24  Marine, Marauder  
  125  8:29  SCV  
  125  8:31  SCV  
  125  8:33  SCV, Marauder  
  122  8:37  Marine  
  122  8:40  Medivac x2  
  123  8:41  Widow Mine  
  125  8:49  Supply Depot x2, SCV  
  125  8:50  SCV, Widow Mine  
  125  8:54  SCV  
  123  9:01  SCV  
  123  9:02  SCV  
Show
View Real Time Build Order
Export as new Build Order

llllllllllll Protoss 

Build Orders: 1 Gate Expand, Blink Stalkers 

Get SALT Encoding   

  12  0:00  Probe  
  13  0:12  Probe  
  14  0:18  Pylon  
  14  0:24  Probe  
  15  0:32  Probe  
  15  0:40  Gateway  
  15  0:42  Probe  
  17  0:52  Assimilator  
  17  0:53  Probe  
  18  1:05  Probe  
  19  1:17  Probe  
  20  1:28  Cybernetics Core  
  20  1:36  Nexus  
  20  1:38  Probe  
  21  1:47  Pylon  
  21  1:53  Pylon  
  21  1:55  Probe  
  21  1:58  Adept  
  22  2:04  Assimilator  
  24  2:10  Warp Gate  
  24  2:12  Probe  
  25  2:24  Probe  
  25  2:27  Adept  
  28  2:36  Probe  
  29  2:38  Twilight Council  
  29  2:45  Probe  
  29  2:46  Gateway  
  29  2:48  Probe  
  29  2:49  Blink  
  31  2:54  Probe  
  32  2:59  Adept  
  32  3:01  Probe  
  35  3:13  Probe  
  34  3:20  Probe  
  34  3:25  Probe  
  36  3:30  Robotics Facility  
  36  3:32  Probe  
  37  3:37  Probe  
  36  3:51  Probe  
  36  3:53  Robotics Facility  
  36  3:54  Gateway  
  37  3:58  Pylon  
  37  4:00  Gateway  
  37  4:01  Probe  
  38  4:03  Stalker x2  
  38  4:09  Probe  
  43  4:13  Pylon, Probe  
  44  4:19  Warp Prism  
  44  4:33  Probe  
  44  4:37  Probe  
  43  4:40  Stalker x2  
  43  4:44  Assimilator  
  43  4:45  Probe x2  
  48  4:53  Probe  
  48  4:58  Probe  
  50  5:05  Probe  
  51  5:10  Pylon, Probe  
  51  5:11  Stalker x3  
  58  5:14  Stalker  
  58  5:17  Probe  
  58  5:19  Stalker  
  61  5:22  Probe  
  62  5:30  Dark Shrine  
  62  5:31  Pylon  
  62  5:41  Probe  
  63  5:46  Nexus  
  63  5:48  Charge  
  63  5:51  Probe  
  63  5:53  Probe  
  63  5:54  Stalker x3  
  71  6:04  Probe  
  72  6:06  Probe  
  73  6:13  Pylon  
  73  6:16  Probe  
  75  6:18  Probe  
  75  6:22  Gateway  
  75  6:23  Gateway  
  75  6:28  Probe  
  75  6:30  Probe  
  75  6:36  Stalker x4  
  83  6:48  Probe  
  83  6:49  Probe  
  85  6:56  Forge  
  85  6:59  Gateway  
  85  7:00  Probe x2  
  87  7:01  Dark Templar  
  87  7:02  Gateway  
  87  7:04  Dark Templar  
  91  7:12  Probe x2  
  91  7:13  Probe  
  94  7:25  Zealot x4  
  100  7:33  Probe  
  101  7:40  Zealot  
  101  8:03  Pylon x2  
  101  8:04  Pylon  
  99  8:08  Nexus  
  99  8:09  Pylon  
  99  8:14  Robotics Facility  
  98  8:20  Zealot  
  98  8:22  Zealot  
  98  8:23  Zealot x2  
  98  8:24  Zealot x4  
  98  8:41  Zealot  
  86  8:43  Zealot x3  
  86  8:44  Zealot x4  
  58  9:04  Dark Templar x2  
  58  9:05  Dark Templar x4  
Tags
 
Add a new tag
Caveats
  • Supply blocks, unpowered buildings, or Contaminate may cause inaccurate times.
  • Supply counts are checked every 10 seconds.